AoeStats
← DRx5837

Nomad

509101575Analyzed
2v2 RM · 6d ago on Sep 25, 2026· 38m 24s· 4 players
Game mode
Random Map
Map size
176×176
Population
200
Speed
Normal
Resources
Standard
Victory
Conquest
Starting age
Dark Age
Ending age
Imperial Age
RankedLock teamsTeams togetherTeam positionsShared explorationLock speedFull tech treeHidden civsTurbo modeCheats
Victory
Defeat
1200
+20
🇦🇷 Persians · Argentina
1198
+20
🇨🇭 Berbers · Switzerland
1319
-22
🇺🇸 Celts · United States
1244
-18
ppjohnn
4:26 Loom
13:36 Feudal Age
14:38 Double-Bit Axe
18:05 Castle Age
15:55 Fishing Lines
18:21 Stone Mining
20:13 Wheelbarrow
19:50 Bow Saw
19:48 Horse Collar
20:38 Heavy Plow
26:48 Scale Mail Armor
26:58 Forging
29:11 Chain Mail Armor
31:33 Stone Shaft Mining
32:46 Iron Casting
32:58 Hand Cart
32:29 Town Watch
DRx5837
3:35 Loom
7:02 Loom
12:25 Feudal Age
16:41 Castle Age
15:57 Double-Bit Axe
15:55 Horse Collar
16:28 Fletching
19:03 Bodkin Arrow
27:26 Padded Archer Armor
28:18 Ballistics
30:40 Wheelbarrow
35:03 Hand Cart
40:53 Imperial Age
Cccccccccccccccccccccccccccccccc
5:12 Loom
15:24 Feudal Age
16:10 Town Watch
16:12 Double-Bit Axe
16:11 Fishing Lines
19:32 Castle Age
20:31 Bow Saw
20:45 Medium Warships
22:18 Wheelbarrow
22:46 Wheelbarrow
21:55 Horse Collar
22:46 Heavy Plow
23:55 Hand Cart
23:49 Gillnets
32:48 Imperial Age
31:48 Fletching
31:57 Gold Mining
31:57 Stone Mining
32:39 Bodkin Arrow
32:45 Padded Archer Armor
33:26 Scale Mail Armor
33:37 Forging
34:18 Stone Shaft Mining
34:22 Conscription
34:43 Leather Archer Armor
35:00 Chain Mail Armor
36:26 Plate Mail Armor
36:33 Iron Casting
36:54 Siege Engineers
37:13 Ballistics
37:53 Chemistry
38:21 Blast Furnace
37:38 Squires
37:25 Arson
xx6
3:06 Loom
13:05 Feudal Age
13:25 Town Watch
14:50 Wheelbarrow
16:59 Castle Age
15:44 Fishing Lines
17:24 Scale Barding Armor
18:40 Double-Bit Axe
19:15 Medium Warships
20:27 Wheelbarrow
21:02 Chain Barding Armor
21:22 Husbandry
22:20 Horse Collar
24:23 Fletching
28:25 Hand Cart
28:48 Heavy Plow
31:52 Elite Skirmisher
34:23 Gillnets
36:19 Murder Holes
36:44 Ballistics
36:51 Bodkin Arrow
Connection lost

Rejoining the realm…

Still unreachable

The connection could not be restored.

Session expired

The server has moved on; the page needs a fresh start.